 Dungeon Crawl Stone Soup version 0.26-a0-854-gdc81c2f471 (webtiles) character file.

Game seed: 11682299417159952617

3801 Ijustatesigmund the Covert (level 10, -17/71 HPs)
             Began as an Octopode Fighter on Nov 24, 2020.
             Killed by the air
             ... invoked by Gastronok
              (23 damage)
             ... on level 9 of the Dungeon.
             The game lasted 00:15:44 (10596 turns).

Ijustatesigmund the Covert (Octopode Fighter)      Turns: 10596, Time: 00:15:45

Health: -17/71     AC:  1    Str: 15    XL:     10   Next: 17%
Magic:  10/10      EV: 15    Int: 12    God:
Gold:   460        SH: 17    Dex: 16    Spells: 9/9 levels left

rFire    . . .     SeeInvis .   d - +0 war axe (freeze)
rCold    + . .     Faith    .   b - +2 kite shield
rNeg     + . .     Spirit   .   (helmet restricted)
rPois    .         Reflect  +   s - amulet of reflection
rElec    .         Harm     .   g - ring of wizardry
rCorr    .         Rampage  .   j - ring of positive energy
MR       +....                  x - ring of protection from cold
Stlth    +++++.....             i - +4 ring of slaying
HPRegen  0.21/turn              v - ring of protection from magic
MPRegen  0.12/turn              (no ring)
                                (no ring)
                                (no ring)

@: no status effects
A: almost no armour, stealthy swim, amphibious, 8 rings, constrict 8, camouflage
1, agile 1, gelatinous body 1, MP-powered wands
a: no special abilities


You were on level 9 of the Dungeon.
You visited 2 branches of the dungeon, and saw 10 of its levels.
You also visited: Sewer.

You collected 460 gold pieces.

Inventory:

Hand Weapons
 d - a +0 war axe of freezing (weapon)
 r - a +2 flail of protection
Armour
 b - a +2 kite shield (worn)
Jewellery
 g - a ring of wizardry (left tentacle)
 i - a +4 ring of slaying (on tentacle)
 j - a ring of positive energy (right tentacle)
 s - an amulet of reflection (around mantle)
 v - a ring of protection from magic (on tentacle)
 x - a ring of protection from cold (on tentacle)
Wands
 a - a wand of digging (3)
Scrolls
 e - 2 scrolls of teleportation
 f - a scroll of identify
 n - a scroll of fear
 u - a scroll of remove curse
Potions
 h - 2 potions of curing
 k - 2 potions of flight
 o - a potion of magic
 q - a potion of lignification
 w - 2 potions of attraction


   Skills:
 + Level 7.1 Fighting
 + Level 7.7 Axes
 + Level 6.2 Dodging
 - Level 9.7 Stealth
 + Level 6.3 Shields


You had 9 spell levels left.
You didn't know any spells.
Your spell library contained the following spells:

 Spells                   Type           Power        Failure   Level
 Shock                    Conj/Air       #...         38%         1
 Swiftness                Air            #.......     50%         2
 Static Discharge         Conj/Air       #.......     73%         3
 Airstrike                Air            #.........   98%         4
 Lightning Bolt           Conj/Air       #.........   100%        5


Dungeon Overview and Level Annotations

Branches:
Dungeon (9/15)             Temple (1/1) D:5           Sewer (visited)
   Lair: D:8-11         Orc: D:9-12

Altars:
Ashenzari
Cheibriados
Dithmenos
Elyvilon
Fedhas
Gozag
Hepliaklqana
Kikubaaqudgha
Nemelex Xobeh
Okawaru
Qazlal
Ru
Sif Muna
Trog
Uskayaw
Vehumet
Wu Jian
Xom
Yredelemnul
Zin
The Shining One

Annotations:
D:9 Gastronok


Innate Abilities, Weirdness & Mutations

You cannot wear most types of armour.
You are very stealthy in the water. (Stealth+)
You are amphibious.
You can wear up to eight rings at the same time.
You can use your tentacles to constrict eight enemies at once.
Your skin changes colour to match your surroundings (Stealth+).
Your rubbery body absorbs attacks. (AC +1, EV +1)
You are agile. (Dex +2)
You expend magic power (3 MP) to strengthen your wands.


Message History

The water moccasin closely misses you.
You slash Gastronok! You freeze Gastronok. You squeeze Gastronok.
Gastronok is almost dead.
You hit the water moccasin. You freeze the water moccasin.
You block the water moccasin's attack.
Gastronok gurgles, "I'll eat you, I will!"
Gastronok mumbles some strange words.
Gastronok puts on a burst of speed!
You hit Gastronok. You freeze Gastronok.
Gastronok is almost dead.
You barely miss the water moccasin. You block the water moccasin's attack.
You hit Gastronok but do no damage. You squeeze Gastronok.
Gastronok is almost dead.
You barely miss the water moccasin.
The water moccasin is no longer moving slowly.
You block the water moccasin's attack.
Gastronok gurgles, "I'll eat you, I will!"
Gastronok waves his eye-stalks in wide circles.
The air twists around and strikes you!!
You die...

##################
..................
#.................
#.................
#.................
#.........S.......
#.........@w......
.....#'####......
... #....# ..... .
#....# #### #....#
#....# #....#
#....# #....#


You could see Gastronok (swift) and a water moccasin.

Vanquished Creatures
  A two-headed ogre (D:8)
  Maggie (D:7)
  Prince Ribbit (D:8)
  A water moccasin (D:6)
  2 ice beasts
  An orc warrior (D:8)
  3 phantoms
  2 ogres (D:8)
  3 centaurs
  4 big kobolds
  A bullfrog (D:6)
  3 scorpions
  3 wights (D:9)
  A howler monkey (D:4)
  A bullfrog zombie (D:5)
  A hound (D:6)
  5 orc priests
  Crazy Yiuf (D:2)
  3 jellies
  3 orc wizards
  Terence (D:2)
  2 worker ants
  2 hound zombies
  A hound skeleton (D:7)
  8 gnolls
  A howler monkey zombie (D:8)
  A worker ant zombie (D:5)
  14 adders
  2 river rats (Sewer)
  A shadow imp (D:7)
  A white imp (D:8)
  2 worms
  3 dart slugs
  6 leopard geckos
  32 orcs
  18 giant cockroaches
  7 goblins
  13 hobgoblins
  11 jackals
  28 kobolds
  5 quokkas
  A ball python (D:1)
  7 bats
  4 frilled lizards
  A jackal skeleton (D:4)
  A jackal zombie (D:7)
  A quokka skeleton (D:7)
  17 rats
232 creatures vanquished.

Notes
Turn   | Place    | Note
-------+----------+-------------------------------------------
     0 | D:1      | Ijustatesigmund the Octopode Fighter began the quest for
                  | the Orb.
     0 | D:1      | Reached XP level 1. HP: 16/16 MP: 1/1
    90 | D:1      | Reached XP level 2. HP: 21/21 MP: 2/2
   711 | D:1      | Reached XP level 3. HP: 26/26 MP: 3/3
  1186 | D:2      | Reached XP level 4. HP: 16/32 MP: 4/4
  1444 | D:2      | Gained mutation: You are agile. (Dex +2) [potion of
                  | mutation]
  1444 | D:2      | Gained mutation: You expend magic power (3 MP) to
                  | strengthen your wands. [potion of mutation]
  1453 | D:2      | Found a shadowy altar of Dithmenos.
  1713 | D:2      | Noticed Terence
  1724 | D:2      | Killed Terence
  2060 | D:2      | Reached XP level 5. HP: 37/37 MP: 5/5
  2244 | D:2      | Found a runed translucent door.
  2245 | D:2      | Noticed Crazy Yiuf
  2251 | D:2      | Killed Crazy Yiuf
  3254 | D:3      | Reached skill level 5 in Axes
  3493 | D:3      | Reached XP level 6. HP: 33/44 MP: 6/6
  3627 | D:3      | Found an iron altar of Okawaru.
  4260 | D:4      | Found a glowing drain.
  4280 | Sewer    | Entered a sewer
  4443 | Sewer    | Reached XP level 7. HP: 33/49 MP: 7/7
  4657 | Sewer    | Found a white marble altar of Elyvilon.
  4773 | D:4      | Found a broken altar of Ashenzari.
  4774 | D:4      | Found a white marble altar of Elyvilon.
  4988 | D:4      | Reached skill level 5 in Fighting
  5158 | D:5      | Entered Level 5 of the Dungeon
  5178 | D:5      | Found a staircase to the Ecumenical Temple.
  5191 | Temple   | Entered the Ecumenical Temple
  6203 | D:6      | Reached XP level 8. HP: 24/56 MP: 8/8
  7212 | D:6      | Reached skill level 5 in Dodging
  7212 | D:6      | Reached skill level 5 in Shields
  7992 | D:7      | Noticed Maggie
  8004 | D:7      | Reached XP level 9. HP: 63/63 MP: 9/9
  8007 | D:7      | Killed Maggie
  8774 | D:7      | Reached skill level 1 in Stealth
  9139 | D:8      | Reached skill level 2 in Stealth
  9332 | D:8      | Found a basalt altar of Yredelemnul.
  9335 | D:8      | Reached skill level 3 in Stealth
  9350 | D:8      | Reached skill level 4 in Stealth
  9357 | D:8      | Noticed a two-headed ogre
  9376 | D:9      | Reached skill level 5 in Stealth
  9415 | D:9      | Noticed a two-headed ogre
  9425 | D:8      | Killed a two-headed ogre
  9426 | D:8      | Reached skill level 9 in Stealth
  9812 | D:8      | Reached XP level 10. HP: 50/69 MP: 10/10
  9909 | D:8      | Noticed Prince Ribbit
  9928 | D:8      | Killed Prince Ribbit
 10450 | D:8      | Found a sparkling altar of Nemelex Xobeh.
 10508 | D:9      | Found a hazy altar of Hepliaklqana.
 10575 | D:9      | Noticed Gastronok
 10596 | D:9      | Killed from afar by Gastronok

Illustrated notes

Levels and vault maps discovered:
D:1:      erik_arrival_cave_to_civilisation [erik_arrival_cave_to_hall],
          layout_loops_ring, minmay_rat_gold_closets
D:2:      layout_basic, grunt_decor_one_mirror, nicolae_dithmenos_shadow_blocks,
          uniq_terence, uniq_crazy_yiuf_cottage
D:3:      minmay_roachtagon, layout_loops_cross, okawaru_metal_pillars_1_2
D:4:      layout_rooms, gammafunk_temple_overflow_statue, gup_sewer_entry_pipe
D:5:      layout_basic, minmay_temple_entry_slanted, moated_statue
D:6:      layout_gridville
D:7:      layout_basic, serial_aquarium, aquarium_bridge_square
          [aquarium_subvault_wall, aquarium_subvault_bridge,
          aquarium_subvault_bridge, aquarium_subvault_balcony],
          aquarium_window_double, aquarium_window_1, aquarium_window_2,
          aquarium_view_2e, aquarium_pool_corner, kennysheep_generic_room_16,
          uniq_maggie
D:8:      layout_basic, kennysheep_mini_moat, nemelex_altar_shiori,
          chequers_serial_rivers_micro_a, uniq_prince_ribbit1
D:9:      layout_stronghold, lightli_temple_of_fire, david_orc_2, basic_altar,
          uniq_gastronok
Temple:   minmay_crystal_spiral_temple

Skill      XL: |  1  2  3  4  5  6  7  8  9 10 |
---------------+-------------------------------+-----
Axes           | 3 4 5 6 7 |  7.7
Fighting       | 4 5 6 7 |  7.1
Shields        | 4 5 6 |  6.3
Dodging        | 4 5 6 |  6.2
Stealth        | 9 |  9.7

Action                   |  1- 3 |  4- 6 |  7- 9 | 10-12 || total
-------------------------+-------+-------+-------+-------++-------
Melee: War axe           |    55 |   184 |   267 |    46 ||   552
       Constrict         |    16 |    43 |    46 |     2 ||   107
       Tentacles         |     9 |    38 |    42 |    11 ||   100
Evoke: Wand              |       |       |    14 |       ||    14
  Use: Scroll            |       |    10 |    10 |     3 ||    23
       Potion            |       |     2 |     5 |     3 ||    10
 Stab: Sleeping          |    13 |     9 |     6 |     3 ||    31
       Distracted        |       |     1 |     2 |       ||     3
       Paralysed         |       |       |     2 |       ||     2
       Invisible         |       |       |     1 |       ||     1
Armor: Skin              |     5 |     9 |     5 |    21 ||    40
Dodge: Dodged            |    14 |    78 |   109 |     6 ||   207
Block: Kite shield       |    13 |   112 |   179 |    51 ||   355
       Reflection        |       |       |     5 |       ||     5

Table legend: (Time is in decaauts)
 A = Elapsed time spent in this place.
 B = Non-inter-level travel time spent in this place.
 C = Inter-level travel time spent in this place.
 D = Time resting spent in this place.
 E = Time spent auto-exploring this place.
 F = Levels seen in this place.
 G = Mean time per level.
                   A        B        C        D        E       F      G
               +--------+--------+--------+--------+--------+-----+--------+
         Total |  10750 |  10386 |    364 |   2896 |   5990 |  11 |  977.3 |
       Dungeon |  10143 |   9864 |    279 |   2627 |   5800 |   9 | 1127.0 |
        Temple |    185 |    101 |     84 |      0 |    101 |   1 |  185.0 |
         Sewer |    421 |    421 |      0 |    269 |     89 |   1 |  421.0 |
               +--------+--------+--------+--------+--------+-----+--------+

Top non-repeatable levels by time:
     D:6: 1765 daAuts
     D:2: 1699 daAuts
     D:7: 1446 daAuts
     D:8: 1384 daAuts
     D:3: 1301 daAuts
     D:1: 1056 daAuts
     D:4: 770 daAuts
     D:5: 582 daAuts
   Sewer: 421 daAuts
  Temple: 185 daAuts
     D:9: 138 daAuts
